 Dungeon Crawl Stone Soup version 0.30.0-29-ga12c61a403 (webtiles) character file.

Game seed: 16191330177492470931

95 olmar the Insei (level 4, -8/32 HPs)
             Began as a Djinni Transmuter on June 9, 2023.
             Mangled by a kobold brigand
             ... wielding a +0 whip
              (10 damage)
             ... in a sewer.
             The game lasted 00:03:53 (2561 turns).

olmar the Insei (Djinni Transmuter)                 Turns: 2561, Time: 00:03:54

Health: -8/32      AC:  2    Str:  9    XL:     4   Next: 97%
Gold:   172        EV: 12    Int: 17    God:
                   SH:  5    Dex: 13

rFire   + +          .
                       - Unarmed
rCold   x . .        (no shield)
rNeg    . . .        a - +0 robe
rPois   ∞            g - melded +0 helmet
rElec   .            (no cloak)
rCorr   .            (no gloves)
SInv    .            (boots unavailable)
Will    .....        f - amulet of reflection
Stlth   +            (no ring)
HPRegen 0.25/turn    (no ring)
MPRegen 0.00/turn

%: reflection, infuse magic (-9 HP)
@: mighty, appendages (expiring), attractive, flying
A: horns 2, flying, sickness immunity, fire resistance 2, cold vulnerability 1,
float, innate caster, HP casting, extra vitality 1
a: End Transformation


You were in a sewer.
You had temporarily grown beastly horns.
You visited 1 branch of the dungeon, and saw 3 of its levels.
You also visited: Sewer.

You collected 172 gold pieces.

Inventory:

Missiles
 e - 6 poisoned darts
 h - 3 throwing nets
 i - 2 boomerangs
Armour
 a - a +0 robe (worn)
 g - a +0 helmet (melded)
Jewellery
 f - an amulet of reflection (around neck)
 l - an amulet of faith
Scrolls
 b - a scroll of poison
 k - a scroll of brand weapon
 m - a scroll of butterflies
 n - a scroll of blinking {unknown}
 o - a scroll of silence {unknown}
 r - a scroll of identify
Potions
 c - 3 potions of degeneration
 d - 2 potions of attraction
 p - a potion of haste {unknown}
 q - a potion of might
 s - a potion of resistance {unknown}


   Skills:
 + Level 1.3 Fighting
 + Level 2.8 Dodging
 - Level 0.1 Stealth
 - Level 0.2 Shields
 + Level 4.4 Unarmed Combat
 + Level 2.1 Spellcasting


You knew the following spells:

 Your Spells              Type           Power      Damage    Failure   Level
a - Beastly Appendage     Tmut           18%        N/A       9%          1
b - Wereblood             Tmut           9%         N/A       12%         2
c - Spider Form           Tmut/Pois      9%         N/A       24%         3
d - Ice Form              Ice/Tmut       9%         N/A       63%         4
e - Apportation           Tloc           18%        N/A       9%          1
Your spell library was empty.

Dungeon Overview and Level Annotations

Branches:
Dungeon (3/15)              Sewer (1/1)

Altars:


Innate Abilities, Weirdness & Mutations

You have temporarily grown beastly horns.
You are flying.
You are immune to sickness and miasma.
You are immune to poison.
Your flesh is very heat resistant. (rF++)
You are vulnerable to cold. (rC-)
You float through the air rather than walking.
You learn spells naturally, not from books.
Your magical power is your life essence.
You have superior vitality. (+4 MHP)


Message History

The kobold brigand is heavily wounded.
The kobold hits you with a +0 short sword.
The kobold misses you. The kobold brigand barely misses you.
The kobold misses you.
Unknown command.
Unknown command.
You hit the kobold brigand.
The kobold brigand is severely wounded.
The kobold closely misses you. You block the kobold's attack.
The kobold brigand barely misses you. The kobold barely misses you.
You hit the kobold brigand.
The kobold brigand is almost dead.
Your transformation is almost over.
The kobold closely misses you. The kobold hits you with a +0 dagger.
The kobold brigand hits you with a +0 whip!
* * * LOW HITPOINT WARNING * * *
The kobold closely misses you.
You are too injured to fight recklessly!
Unknown command.
Unknown command.
Okay, then.
It was a potion of attraction.
You feel attractive to monsters.
The kobold hits you with a +0 short sword.
* * * LOW HITPOINT WARNING * * *
You block the kobold's attack.
The kobold brigand hits you with a +0 whip.
* * * LOW HITPOINT WARNING * * *
The kobold barely misses you.
It was a potion of might.
You feel very mighty all of a sudden. The kobold misses you.
The kobold hits you with a +0 dagger.
* * * LOW HITPOINT WARNING * * *
The kobold brigand misses you. You block the kobold's attack.
Unknown command.
It was a potion of flight.
You feel more buoyant. You block the kobold's attack.
The kobold closely misses you.
The kobold brigand hits you with a +0 whip!
You die...

#...#≈≈≈# #∩∩.#~≈~#
#...'~~~#
######~≈~######
#)...#~≈~#....#
#..∩.#~≈~#.∩..#
#....#~≈~#.K..#
#..).#~≈~#KKK!#
##''##~~~##@K###
#....#~≈~#.....###
###..))#~≈~#.......#
#....)~~~≈~#..P....#
##...~~~~≈~#.......#
##P..~~#~≈~#P......#
#....~~#~~~#~~.....#
#......#~≈~#P~P..P.##
#......#~≈~~~~......#


You could see 2 kobold brigands and 3 kobolds.

Vanquished Creatures
  An adder (D:3)
  2 worms
  3 dart slugs
  9 ball pythons
  9 bats
  4 endoplasms
  5 giant cockroaches
  8 goblins
  4 hobgoblins
  4 jackals (D:1)
  12 kobolds
  A quokka (D:2)
  3 frilled lizards
  5 rats
70 creatures vanquished.

Vanquished Creatures (others)
  An endoplasm (D:1)
  A hobgoblin (D:1)
  A rat (D:1)
3 creatures vanquished.

Grand Total: 73 creatures vanquished

Notes
Turn   | Place    | Note
-------+----------+-------------------------------------------
     0 | D:1      | olmar the Djinni Transmuter began the quest for the Orb.
     0 | D:1      | olmar set off with the following spells memorised: Beastly
                  | Appendage, Wereblood, Spider Form, Ice Form.
     0 | D:1      | Reached XP level 1. HP: 17/17 MP: 0/0
    50 | D:1      | Reached XP level 2. HP: 8/22 MP: 0/0
   655 | D:1      | Found a faded altar of an unknown god.
   839 | D:1      | Reached XP level 3. HP: 23/27 MP: 0/0
   839 | D:1      | Learned a level 1 spell: Apportation
  1911 | D:2      | Reached XP level 4. HP: 30/32 MP: 0/0
  2110 | D:3      | Reached skill level 4 in Unarmed Combat
  2293 | D:3      | Found a glowing drain.
  2297 | Sewer    | Entered a sewer
  2550 | Sewer    | Noticed a kobold brigand
  2550 | Sewer    | Noticed a kobold brigand
  2561 | Sewer    | Mangled by a kobold brigand

Illustrated notes

Levels and vault maps discovered:
D:1:      shiori_arrival_elements, layout_basic,
          shapermc_ecumenical_altar_totnotflames,
          hangedman_abyss_or_decor_stabs, lemuel_flame_loot_1
D:2:      kennysheep_big_flooded_room, layout_basic
D:3:      layout_loops_ring, gup_sewer_entry_spiral, uniq_natasha
Sewer:    kennysheep_pipe_town

Skill      XL: |  1  2  3  4 |
---------------+-------------+-----
Spellcasting   | 2 |  2.1
Unarmed Combat | 4 |  4.4
Fighting       | |  1.3
Dodging        | |  2.8
Stealth        | |  0.1
Shields        | |  0.2

Action                     |  1- 3 |  4- 6 || total
---------------------------+-------+-------++-------
  Melee: Unarmed           |   120 |   128 ||   248
         Headbutt          |    11 |     7 ||    18
         Punch             |     1 |     1 ||     2
   Cast: Beastly Appendage |    14 |     8 ||    22
    Use: Potion            |     1 |     3 ||     4
         Scroll            |       |     4 ||     4
   Stab: Sleeping          |       |     1 ||     1
 Armour: Robe              |    15 |    16 ||    31
         Skin              |     6 |       ||     6
  Dodge: Dodged            |    59 |    75 ||   134
  Block: Other             |    24 |    38 ||    62
         Reflection        |       |     1 ||     1
